 Dungeon Crawl Stone Soup version 0.27.1-33-g824d729ab1 (webtiles) character file.

Game seed: 14752334041202437912

63 halfoni the Chopper (level 4, 0/37 HPs)
             Began as a Human Berserker on Dec 20, 2021.
             Was a Believer of Trog.
             Slain by a goblin (5 damage)
             ... led by Robin
             ... on level 2 of the Dungeon.
             The game lasted 00:03:58 (1734 turns).

halfoni the Chopper (Human Berserker)               Turns: 1734, Time: 00:03:59

Health: 0/37       AC:  5    Str: 18    XL:     4   Next: 30%
Magic:  4/4        EV: 12    Int:  8    God:    Trog [**....]
Gold:   74         SH:  0    Dex: 12    Spells: 3/3 levels left

rFire    . . .     SeeInvis .   a - +0 hand axe
rCold    . . .     Faith    .   (no shield)
rNeg     . . .     Spirit   .   b - +0 animal skin
rPois    .         Reflect  .   (no helmet)
rElec    .         Harm     .   h - +2 cloak
rCorr    .         Rampage  .   (no gloves)
Will     .....                  (no boots)
Stlth    +.........             (no amulet)
HPRegen  0.12/turn              (no ring)
MPRegen  0.09/turn              (no ring)

@: on berserk cooldown, slowed, very slow
A: no striking features
a: Renounce Religion, Berserk, Trog's Hand


You were on level 2 of the Dungeon.
You worshipped Trog.
Trog was pleased with you.
You visited 1 branch of the dungeon, and saw 2 of its levels.

You collected 74 gold pieces.

Inventory:

Hand Weapons
 a - a +0 hand axe (weapon)
Armour
 b - a +0 animal skin (worn)
 h - a +2 cloak (worn)
Scrolls
 c - a scroll of fog {unknown}
 d - a scroll of identify {unknown}
 f - a scroll of enchant weapon {unknown}
 g - a scroll of amnesia {unknown}
Potions
 e - a potion of degeneration {unknown}


   Skills:
 + Level 3.6 Fighting
 + Level 4.0 Axes
 + Level 2.2 Armour
 + Level 2.2 Dodging


You had 3 spell levels left.
You didn't know any spells.
Your spell library was empty.

Dungeon Overview and Level Annotations

Branches:
Dungeon (2/15)

Altars:

Annotations:
D:2 Robin


Message History

You kill the hobgoblin!
Trog accepts your kill.
Your Axes skill increases to level 4!
You are no longer berserk.
You are exhausted.
You feel yourself slow down.
You see here a hobgoblin corpse.
Robin drinks a potion.
Robin seems to speed up.
A hobgoblin comes into view.
A goblin comes into view. It is wielding a +0 dagger.
Robin barely misses you.
The goblin shouts!
Robin hits you with a +0 club.
You hit Robin but do no damage. Robin hits you but does no damage. x2
Robin hits you with a +0 club.
You slash Robin!
Robin is heavily wounded.
You closely miss the hobgoblin. Robin throws the goblin at you!
The hobgoblin hits you. The goblin hits you with a +0 club.
Robin hits you with a +0 club.
The hobgoblin hits you but does no damage.
The goblin hits you with a +0 club.
* * * LOW HITPOINT WARNING * * *
You slash the goblin!
You kill the goblin!
Trog accepts your kill.
You can now call upon Trog for regeneration and willpower.
You completely miss Robin. You hit the hobgoblin.
The goblin no longer looks unusually strong.
Robin throws the goblin at you!
* * * LOW HITPOINT WARNING * * *
Robin roars a battlecry!
The goblin goes into a battle-frenzy!
The hobgoblin closely misses you. The goblin misses you. Robin misses you.
You hear a shout!
You barely miss the goblin. You hit the hobgoblin but do no damage.
You closely miss Robin.
The hobgoblin hits you but does no damage.
The goblin hits you with a +0 dagger.
You die...

#.# # #.# .. . #.# .# #
##### #.# .# #...# #.# .#
## ### #.#.# #.# .#
.###.#####.#.####g### .#
#...#......#..)g@g..###)##
⌠.8..#..#######.###.†.)).#
#..8.##....#....# #.###..#
##### ∩#...#####.#.####
#.. .......... #_#⌠#.# #
#.## .......... .####.#
#.# g######.## .⌠# .# #.#
.# #. .## .# ### #.# ## #.
#.# ..# #.# #.


You could see Robin (fast), a hobgoblin (strong) and a goblin (strong).

Vanquished Creatures
  2 adders (D:2)
  2 dart slugs
  An orc (D:2)
  4 endoplasms
  A giant cockroach (D:1)
  6 hobgoblins
  3 quokkas
  3 ball pythons
  A bat (D:2)
  2 frilled lizards
  7 goblins (D:2)
  2 kobolds
  3 rats (D:1)
37 creatures vanquished.

Notes
Turn   | Place    | Note
-------+----------+-------------------------------------------
     0 | D:1      | halfoni the Human Berserker began the quest for the Orb.
     0 | D:1      | Reached XP level 1. HP: 18/18 MP: 1/1
   387 | D:1      | Reached XP level 2. HP: 22/24 MP: 2/2
  1194 | D:2      | Reached XP level 3. HP: 29/29 MP: 3/3
  1503 | D:2      | Found a faded altar of an unknown god.
  1515 | D:2      | Reached XP level 4. HP: 21/35 MP: 4/4
  1721 | D:2      | Noticed Robin
  1725 | D:2      | Reached skill level 4 in Axes
  1733 | D:2      | Reached ** piety under Trog
  1734 | D:2      | Slain by a goblin

Illustrated notes

Levels and vault maps discovered:
D:1:      minmay_arrival_stone_box, layout_rooms, grunt_decor_fettered
D:2:      layout_loops_ring, shapermc_ecumenical_altar_venn,
          due_unseen_surprise, uniq_robin

Skill      XL: |  1  2  3  4 |
---------------+-------------+-----
Axes           | 4 |  4.0
Fighting       | |  3.6
Armour         | |  2.2
Dodging        | |  2.2

Action                   |  1- 3 |  4- 6 || total
-------------------------+-------+-------++-------
Melee: Hand axe          |    79 |    29 ||   108
Invok: Berserk           |     3 |     2 ||     5
 Stab: Sleeping          |     2 |       ||     2
Armor: Animal skin       |    12 |    10 ||    22
Dodge: Dodged            |    46 |    13 ||    59
